AoeStats
← 只会打步弓

Arabia

509878859Analyzed
1v1 RM · 4d ago on Sep 28, 2026· 44m 0s· 2 players
Game mode
Random Map
Map size
Tiny (2 player)
Population
200
Speed
Normal
Resources
Standard
Victory
Conquest
Starting age
Dark Age
Ending age
Imperial Age
RankedLock teamsTeams togetherTeam positionsShared explorationLock speedFull tech treeHidden civsTurbo modeCheats
Victory
Defeat
🇦🇷 Wu · Argentina
1935
+17
🇨🇳 Mapuche · China
1947
-17
Tobi
7:27 Loom
9:41 Feudal Age
10:02 Man-at-Arms
13:17 Fletching
16:20 Scale Mail Armor
23:56 Castle Age
22:09 Double-Bit Axe
22:44 Horse Collar
24:32 Bodkin Arrow
24:21 Crossbowman
27:26 Squires
28:53 Chain Mail Armor
31:03 Ballistics
33:32 Padded Archer Armor
36:13 Wheelbarrow
36:02 Forging
38:44 Arson
45:54 Imperial Age
只会打步弓
6:23 Loom
9:20 Feudal Age
10:08 Champi Runner
14:30 Double-Bit Axe
15:37 Fletching
24:07 Castle Age
22:04 Horse Collar
23:29 Padded Archer Armor
24:18 Gold Mining
24:09 Elite Skirmisher
24:47 Bodkin Arrow
25:49 Bow Saw
27:07 Heavy Plow
44:34 Ballistics
Connection lost

Rejoining the realm…

Still unreachable

The connection could not be restored.

Session expired

The server has moved on; the page needs a fresh start.